 Dungeon Crawl Stone Soup version 0.23.2-30-g0e89c35649 (webtiles) character file.

Game seed: 9376844540643050295

665 Solarlg the Spear-Bearer (level 7, 0/60 HPs)
             Began as a Minotaur Monk on June 10, 2019.
             Was a Believer of Okawaru.
             Shot with an arrow by a centaur (7 damage)
             ... on level 5 of the Dungeon.
             The game lasted 00:15:00 (4342 turns).

Solarlg the Spear-Bearer (Minotaur Monk)            Turns: 4342, Time: 00:15:01

Health: 0/60       AC:  2    Str: 18    XL:     7   Next: 31%
Magic:  0/6        EV: 14    Int:  7    God:    Okawaru [**....]
Gold:   265        SH:  0    Dex: 12    Spells: 6/6 levels left

rFire    . . .     SeeInvis .   a - +0 spear
rCold    . . .     Gourm    .   (no shield)
rNeg     . . .     Faith    .   b - +0 robe
rPois    .         Spirit   +   (helmet restricted)
rElec    .         Reflect  .   (no cloak)
rCorr    .         Harm     .   (no gloves)
MR       .....                  (no boots)
Stlth    ++........             h - amulet of guardian spirit
HPRegen  0.20/turn              (no ring)
MPRegen  0.10/turn              (no ring)

@: lethally poisoned (0 -> -12)
A: retaliatory headbutt, horns 2
a: Heroism, Renounce Religion


You were on level 5 of the Dungeon.
You worshipped Okawaru.
Okawaru was pleased with you.
You were not hungry.

You visited 2 branches of the dungeon, and saw 6 of its levels.

You collected 265 gold pieces.

Inventory:

Hand Weapons
 a - a +0 spear (weapon)
 n - a +0 shortbow
Missiles
 u - 16 arrows
Armour
 b - a +0 robe (worn)
 m - a cursed -2 plate armour
Jewellery
 e - an uncursed amulet of harm
 h - an amulet of guardian spirit (around neck)
 o - an uncursed ring of fire
 s - an uncursed ring of protection from fire {unknown}
Scrolls
 d - a scroll of enchant weapon {unknown}
 f - a scroll of remove curse {unknown}
 g - 2 scrolls of teleportation {unknown}
 i - 2 scrolls of identify
 q - 2 scrolls of amnesia {unknown}
 r - 2 scrolls of random uselessness {unknown}
 t - 3 scrolls of immolation {unknown}
Potions
 j - 2 potions of berserk rage {unknown}
 k - 2 potions of heal wounds {unknown}
 l - a potion of haste {unknown}
 p - 2 potions of might {unknown}
 v - a potion of flight {unknown}
Comestibles
 c - 7 rations


   Skills:
 - Level 4.6 Fighting
 + Level 9.0 Polearms
 - Level 4.2 Dodging
 - Level 2.6 Stealth


You had 6 spell levels left.
You didn't know any spells.
Your spell library contained the following spells:

 Spells                   Type           Power        Failure   Level  Hunger
 Animate Skeleton         Necr           N/A          43%         1    ##.....
 Apportation              Tloc           #.....       43%         1    ##.....
 Confusing Touch          Hex            #.....       43%         1    ##.....
 Summon Small Mammal      Summ           #...         43%         1    ##.....


Dungeon Overview and Level Annotations

Branches:
Dungeon (5/15)             Temple (1/1) D:4

Altars:
Ashenzari
Cheibriados
Dithmenos
Elyvilon
Fedhas
Gozag
Hepliaklqana
Kikubaaqudgha
Makhleb
Nemelex Xobeh
Okawaru
Qazlal
Ru
Trog
Uskayaw
Vehumet
Wu Jian
Xom
Yredelemnul
Zin
The Shining One


Innate Abilities, Weirdness & Mutations

You reflexively headbutt those who attack you in melee.
You have a pair of horns on your head.


Message History

You feel sick. The centaur completely misses you. You furiously retaliate!
You headbutt the centaur, but do no damage.
You hit the centaur.
The centaur is heavily wounded.
You feel sick. The centaur hits you.
You hit the centaur but do no damage.
The centaur is heavily wounded.
You feel sick. The centaur barely misses you.
You feel sick.
The centaur wields a +0 shortbow.
The centaur shoots an arrow.
The arrow hits you!
You see here an arrow.
You feel sick.
The centaur shoots an arrow.
The arrow closely misses you.
The centaur shoots an arrow.
The arrow hits you!
* * * LOW HITPOINT WARNING * * *
You see here an arrow.
* * * LOW HITPOINT WARNING * * *
You feel sick.
The centaur shoots an arrow.
The arrow closely misses you.
* * * LOW HITPOINT WARNING * * *
You feel sick.
The centaur shoots an arrow.
The arrow hits you!
You die...

##...^##....##..##.##.#...#
###...###.[...##..##.###<#
# ###..##.#.####.###.# #.#
######...#.#.####.# #.# ..#
..................# #.. ..#
######.....##.#..## ## #.#
..#####....##.(..# #..
#...###...####...# ...
###.....#.......@####....
##..####...####.........
#...###..#..###(#####.#.
##..##...##.....o.#
....##.####..##.#.##
###.#..# # ..#.#c.#
.#....## .#.##5# )..##..###
.#. #.# .........# #. #..


You could see a centaur, a crimson imp and an orc.

Vanquished Creatures
  A water moccasin (D:5)
  A phantom (D:4)
  A centaur (D:5)
  A water moccasin skeleton (D:5)
  A crimson imp (D:5)
  A jelly (D:5)
  A hound (D:4)
  An orc priest (D:5)
  An orc wizard (D:4)
  2 worker ants
  3 adders
  2 shadow imps (D:5)
  An ooze (D:1)
  3 leopard geckos
  12 orcs
  8 bats
  9 giant cockroaches
  8 goblins
  6 hobgoblins
  3 jackals (D:4)
  4 quokkas
  A ball python (D:1)
  3 frilled lizards
  6 kobolds (D:1)
  A leopard gecko skeleton (D:4)
  8 rats
89 creatures vanquished.

Notes
Turn   | Place    | Note
-------+----------+-------------------------------------------
     0 | D:1      | Solarlg the Minotaur Monk began the quest for the Orb.
     0 | D:1      | Reached XP level 1. HP: 19/19 MP: 0/0
   154 | D:1      | Reached XP level 2. HP: 25/27 MP: 1/1
   208 | D:1      | Reached skill level 4 in Polearms
   378 | D:1      | Reached XP level 3. HP: 22/33 MP: 2/2
  1591 | D:3      | Reached XP level 4. HP: 41/41 MP: 3/3
  1683 | D:3      | Found an opulent altar of Gozag.
  2366 | D:4      | Noticed a phantom
  2412 | D:4      | Killed a phantom
  2412 | D:4      | Reached skill level 5 in Polearms
  2412 | D:4      | Reached XP level 5. HP: 7/47 MP: 0/4
  2650 | D:4      | Found a sparkling altar of Nemelex Xobeh.
  2695 | D:4      | Found a staircase to the Ecumenical Temple.
  2750 | D:4      | Reached skill level 6 in Polearms
  2932 | D:4      | Reached XP level 6. HP: 39/53 MP: 3/5
  3233 | Temple   | Entered the Ecumenical Temple
  3425 | Temple   | Became a worshipper of Warmaster Okawaru
  3425 | Temple   | Reached * piety under Okawaru
  3425 | Temple   | Reached ** piety under Okawaru
  3478 | D:5      | Entered Level 5 of the Dungeon
  3509 | D:5      | Reached skill level 7 in Polearms
  4272 | D:5      | Reached skill level 8 in Polearms
  4272 | D:5      | Reached XP level 7. HP: 51/60 MP: 4/6
  4334 | D:5      | Reached skill level 9 in Polearms
  4342 | D:5      | Shot with an arrow by a centaur

Skill      XL: |  1  2  3  4  5  6  7 |
---------------+----------------------+-----
Fighting       | 4 |  4.6
Polearms       | 4 5 6 8 9 |  9.0
Stealth        | 2 |  2.6
Dodging        | 4 |  4.2

Action                   |  1- 3 |  4- 6 |  7- 9 || total
-------------------------+-------+-------+-------++-------
Melee: Spear             |   115 |   222 |    17 ||   354
       Headbutt          |    10 |    42 |       ||    52
 Fire: Shortbow          |       |       |     2 ||     2
  Use: Scroll            |       |     3 |       ||     3
 Stab: Sleeping          |     4 |     5 |     1 ||    10
       Distracted        |       |     1 |       ||     1
  Eat: Ration            |     1 |     2 |       ||     3
       Chunk             |     1 |       |       ||     1
Armor: Robe              |    10 |    11 |     1 ||    22
Dodge: Dodged            |    54 |    66 |    16 ||   136
